 Dungeon Crawl Stone Soup version 0.28.0 (webtiles) character file.

Game seed: 7499387127507636109

158 Sanktem7 the Covered (level 5, -2/47 HPs)
             Began as a Minotaur Fighter on Feb 9, 2022.
             Succumbed to Ijyb's poison
             ... on level 3 of the Dungeon.
             The game lasted 00:03:31 (1561 turns).

Sanktem7 the Covered (Minotaur Fighter)             Turns: 1561, Time: 00:03:31

Health: -2/47      AC:  8    Str: 22    XL:     5   Next: 16%
Magic:  4/4        EV: 13    Int:  5    God:
Gold:   100        SH:  4    Dex: 10    Spells: 4/4 levels left

rFire   . . .      SeeInvis .   a - +0 long sword
rCold   . . .      Faith    .   c - +0 buckler
rNeg    . . .      Spirit   .   b - +0 scale mail
rPois   .          Reflect  .   (helmet restricted)
rElec   .          Harm     .   o - +0 cloak
rCorr   .          Rampage  .   (no gloves)
Will    .....                   (no boots)
Stlth   ..........              n - amulet of regeneration
HPRegen 0.95/turn               g - +4 ring of evasion
MPRegen 0.09/turn               (no ring)

@: lethally poisoned (-2 -> -12), studying Staves
A: horns 2, retaliatory headbutt
a: no special abilities


You were on level 3 of the Dungeon.
You visited 1 branch of the dungeon, and saw 3 of its levels.

You collected 100 gold pieces.

Inventory:

Hand Weapons
 a - a +0 long sword (weapon)
Armour
 b - a +0 scale mail (worn)
 c - a +0 buckler (worn)
 o - a +0 cloak (worn)
Jewellery
 f - an amulet of the acrobat
 g - a +4 ring of evasion (left hand)
 n - an amulet of regeneration (around neck)
Scrolls
 e - 5 scrolls of identify {unknown}
 j - 2 scrolls of teleportation {unknown}
 k - a scroll of acquirement {unknown}
Potions
 d - a potion of might
 h - a potion of curing {unknown}
 i - 2 potions of ambrosia {unknown}
 l - a potion of heal wounds {unknown}
 m - a potion of lignification {unknown}
 p - a potion of cancellation {unknown}
 q - a potion of attraction {unknown}


   Skills:
 * Level 4.4 Fighting
 * Level 4.4 Long Blades
 * Level 4.5 Armour
 + Level 0.4 Dodging
 + Level 0.3 Stealth
 + Level 4.4 Shields


You had 4 spell levels left.
You didn't know any spells.
Your spell library was empty.

Dungeon Overview and Level Annotations

Branches:
Dungeon (3/15)

Altars:
Uskayaw
The Shining One


Innate Abilities, Weirdness & Mutations

You have a pair of horns on your head.
You reflexively headbutt those who attack you in melee.


Message History

You closely miss Ijyb. Your headbutt misses Ijyb.
Ijyb is heavily wounded.
You feel very sick.
Ijyb screams, "It's all mine!"
You block Ijyb's attack.
You miss Ijyb. You headbutt Ijyb, but do no damage.
Ijyb is heavily wounded.
You feel sick.
Ijyb hits you with a +2 dagger of venom.
You are more poisoned.
You barely miss Ijyb.
Ijyb is heavily wounded.
You feel very sick.
Ijyb zaps a wand.
You block the puff of flame.
You hit Ijyb. Your headbutt misses Ijyb.
Ijyb is severely wounded.
You feel very sick.
Ijyb hits you with a +2 dagger of venom.
You are more poisoned.
You closely miss Ijyb.
Ijyb is severely wounded.
You feel very sick.
Ijyb hits you with a +2 dagger of venom.
You are more poisoned.
Ijyb hits you with a +2 dagger of venom.
* * * LOW HITPOINT WARNING * * *
You are lethally poisoned!
You hit Ijyb but do no damage. Your headbutt misses Ijyb.
Ijyb is severely wounded.
* * * LOW HITPOINT WARNING * * *
You feel extremely sick.
Ijyb zaps a wand.
The puff of flame misses you.
You hit Ijyb but do no damage.
Ijyb is severely wounded.
* * * LOW HITPOINT WARNING * * *
You feel very sick.
Ijyb zaps a wand.
You block the puff of flame.
You hit Ijyb. You headbutt Ijyb.
You kill Ijyb!
You die...

#.........
#.###.#### #.#
#)# #### #†#
... #.####
##.## #.....
#.).## #.####
##@#.## #.....
#.....# #..8..
##.#..# ##....
#...#.# #.8..
#..##.# #....
#####.# ##.8..
#>########.....
#..............
##########.....


There were no monsters in sight!

Vanquished Creatures
  A crimson imp (D:3)
  A hound (D:3)
  Ijyb (D:3)
  An iguana (D:2)
  2 adders (D:3)
  A worm (D:2)
  2 dart slugs
  4 endoplasms
  3 giant cockroaches
  3 goblins
  A hobgoblin (D:3)
  A quokka (D:2)
  6 ball pythons
  4 bats
  2 frilled lizards
  A goblin skeleton (D:3)
  2 goblin zombies (D:3)
  4 hobgoblin zombies (D:3)
  5 kobolds
  A kobold skeleton (D:3)
  3 kobold zombies (D:3)
  An orc zombie (D:3)
  2 rats (D:1)
52 creatures vanquished.

Vanquished Creatures (others)
  A fungus (D:1)
  A plant (D:1)
2 creatures vanquished.

Grand Total: 54 creatures vanquished

Notes
Turn   | Place    | Note
-------+----------+-------------------------------------------
     0 | D:1      | Sanktem7 the Minotaur Fighter began the quest for the Orb.
     0 | D:1      | Reached XP level 1. HP: 19/19 MP: 0/0
   261 | D:1      | Reached XP level 2. HP: 27/27 MP: 1/1
   551 | D:1      | Found a faded altar of an unknown god.
   754 | D:2      | Reached XP level 3. HP: 26/33 MP: 2/2
  1385 | D:3      | Reached XP level 4. HP: 40/40 MP: 3/3
  1410 | D:3      | Found a glowing golden altar of the Shining One.
  1487 | D:3      | Reached XP level 5. HP: 47/47 MP: 4/4
  1489 | D:3      | Found a hide-covered altar of Uskayaw.
  1545 | D:3      | Noticed Ijyb
  1560 | D:3      | HP: 2/47 [poisoned by Ijyb]
  1561 | D:3      | Killed Ijyb
  1561 | D:3      | Succumbed to Ijyb's poison

Illustrated notes

Levels and vault maps discovered:
D:1:      eino_arrival_water_star, layout_loops_ring,
          shapermc_ecumenical_altar_mp_urbaneastern
D:2:      layout_rooms
D:3:      layout_loops_ring, eat_drink_and_be_merry_uskayaw,
          nicolae_tso_besieged_by_evil, minmay_misc_feat_columns,
          dk_noncrumbling_2, minmay_rat_hole, uniq_ijyb, uniq_crazy_yiuf_cottage

Skill      XL: |  1  2  3  4 |
---------------+-------------+-----
Shields        | 4 |  4.4
Armour         | 4 |  4.5
Fighting       | 4 |  4.4
Long Blades    | 3 4 |  4.4
Dodging        | |  0.4
Stealth        | |  0.3

Action                   |  1- 3 |  4- 6 || total
-------------------------+-------+-------++-------
Melee: Long sword        |    66 |    51 ||   117
       Headbutt          |    13 |     6 ||    19
Armor: Scale mail        |    17 |    14 ||    31
Dodge: Dodged            |    40 |    33 ||    73
Block: Buckler           |    15 |    14 ||    29
